 Dungeon Crawl Stone Soup version 0.32-a0-433-g08bcfe7efd (webtiles) character file.

Game seed: 5633783552443560599

397 javelincjr the Chopper (level 6, -2/54 (56) HPs)
             Began as a Mountain Dwarf Monk on Feb 22, 2024.
             Slain by a wight
             ... wielding a +0 falchion
              (9 damage)
             ... on level 4 of the Dungeon.
             The game lasted 00:12:47 (3367 turns).

javelincjr the Chopper (Mountain Dwarf Monk)        Turns: 3367, Time: 00:12:48

HP:   -2/54 (56)    AC:  7    Str: 15      XL:     6   Next: 53%
MP:   6/6           EV: 11    Int: 10 (11) God:
Gold: 251           SH:  0    Dex: 12      Spells: 5/5 levels left

rFire   . . .        v - +3 whip
rCold   . . .        d - orb {light}
rNeg    . . .        w - +0 ring mail
rPois   .            (no helmet)
rElec   .            o - scarf {harm}
rCorr   .            q - +0 pair of gloves
SInv    .            u - +0 pair of boots
Will    +....        (no amulet)
Stlth   +            f - ring of willpower
HPRegen 0.29/turn    (no ring)
MPRegen 0.10/turn

%: harm (+30% outgoing, +20% incoming)
@: glowing, lightly drained
A: runic magic, artefact enchanting, deterioration 1, MP-powered wands
a: no special abilities


You were on level 4 of the Dungeon.
You visited 1 branch of the dungeon, and saw 4 of its levels.

You collected 251 gold pieces.

Inventory:

Hand Weapons
 a - a +0 hand axe
 l - a +0 mace
 n - a +0 spear
 v - a +3 whip (weapon)
 B - a +2 dagger of venom
 D - a +3 falchion
 E - a +0 short sword of draining
Missiles
 e - 4 poisoned darts
 s - 2 javelins
 C - 2 boomerangs (quivered)
Armour
 b - a +0 robe
 d - an orb of light (worn)
 k - a +0 leather armour
 o - a scarf of harm (worn)
 q - a +0 pair of gloves (worn)
 u - a +0 pair of boots (worn)
 w - a +0 ring mail (worn)
 A - a +0 chain mail
Jewellery
 f - a ring of willpower (left hand)
Scrolls
 h - 2 scrolls of fog {unknown}
 j - 4 scrolls of teleportation
 t - a scroll of torment {unknown}
 x - a scroll of blinking {unknown}
 y - 3 scrolls of immolation {unknown}
 z - a scroll of enchant armour {unknown}
Potions
 c - 2 potions of degeneration {unknown}
 g - a potion of heal wounds
 i - 2 potions of curing
 m - a potion of enlightenment {unknown}
 p - a potion of might {unknown}
 r - a potion of cancellation {unknown}


   Skills:
 * Level 5.2 Fighting
 - Level 5.5(5.8) Axes
 + Level 2.5(4.3) Maces & Flails
 + Level 2.6 Armour
 + Level 2.9 Dodging


You had 5 spell levels left.
You didn't know any spells.
Your spell library contained the following spells:

 Spells                   Type           Power      Damage    Failure   Level
 Stone Arrow              Conj/Erth      0%         3d7       78%         3
 Animate Armour           Summ/Erth      0%         N/A       99%         4
 Lehudib's Crystal Spear  Conj/Erth      0%         10d2      100%        8


Dungeon Overview and Level Annotations

Branches:
Dungeon (4/15)
 Temple: D:4-7

Altars:
Nemelex Xobeh

Shops:
D:1 (


Innate Abilities, Weirdness & Mutations

Your spellcasting is much less encumbered by armour.
You can use scrolls of enchantment on lesser artefacts.
Your body sometimes deteriorates upon taking damage.
You expend magic power (3 MP) to strengthen your wands.


Message History

You hit the wight but do no damage.
The wight is almost destroyed.
The wight misses you. The wight barely misses you.
You hit the wight.
You destroy the wight!
The wight hits you with a +0 falchion.
Your life force feels restored.
The wight attacks as it pursues you! The wight hits you but does no damage.
Things that are here:
a +3 dire flail; a +0 robe You completely miss the wight.
The wight is lightly damaged.
The wight hits you with a +0 falchion!
* * * LOW HITPOINT WARNING * * *
Your body deteriorates!
You feel dopey.
You feel drained.
* * * LOW HITPOINT WARNING * * *
You hit the wight but do no damage.
The wight is lightly damaged.
The wight barely misses you.
You hit the wight.
The wight is moderately damaged.
The wight closely misses you.
You hit the wight but do no damage.
The wight is moderately damaged.
The wight hits you with a +0 falchion.
* * * LOW HITPOINT WARNING * * *
You feel drained.
You barely miss the wight.
The wight is moderately damaged.
The wight barely misses you.
You hit the wight.
The wight is severely damaged.
You hit the wight.
The wight is severely damaged.
The wight barely misses you.
You hit the wight but do no damage.
The wight is severely damaged.
The wight hits you with a +0 falchion!
You die...

#. .#'#### ......
...... #.#...#
#.#...#
..###.#######
#.#..>z.....#
#.#...#@#.#.#
#.#...#.# ..
###.#...#[# ...
###### #.......#.#
..# .....#
#.......#.# .#
.###.###.........#
#
.#........)..#.###
.#........♣♣♣♣♣♣
.#......<~P~~P~P♣.#
.#


You could see a wight.

Vanquished Creatures
  2 scorpions (D:4)
  3 wights (D:4)
  A hound (D:4)
  An orc wizard (D:4)
  A white imp (D:3)
  2 ribbon worms
  5 orcs
  4 ball pythons
  6 endoplasms
  2 giant cockroaches
  11 goblins
  3 hobgoblins
  2 quokkas (D:3)
  5 frilled lizards
  4 kobolds
  5 rats (D:1)
57 creatures vanquished.

Notes
Turn   | Place    | Note
-------+----------+-------------------------------------------
     0 | D:1      | javelincjr the Mountain Dwarf Monk began the quest for the
                  | Orb.
     0 | D:1      | Reached XP level 1. HP: 19/19 MP: 1/1
   225 | D:1      | Found Iklatutu's Weapon Emporium.
   315 | D:1      | Reached XP level 2. HP: 26/26 MP: 2/2
   761 | D:1      | Found a faded altar of an unknown god.
  1447 | D:2      | HP: 1/27 [ribbon worm (6)]
  1754 | D:3      | Reached XP level 3. HP: 14/33 MP: 3/3
  1960 | D:3      | Reached skill level 1 in Armour
  2141 | D:3      | Found a sparkling altar of Nemelex Xobeh.
  2506 | D:3      | Gained mutation: You are dopey. (Int -2) [potion of
                  | mutation]
  2506 | D:3      | Gained mutation: Your spells are a little easier to cast,
                  | but a little less powerful. [potion of mutation]
  2507 | D:3      | Lost mutation: You are dopey. (Int -2) [potion of mutation]
  2507 | D:3      | Lost mutation: Your spells are a little easier to cast, but
                  | a little less powerful. [potion of mutation]
  2507 | D:3      | Gained mutation: You expend magic power (3 MP) to
                  | strengthen your wands. [potion of mutation]
  2507 | D:3      | Gained mutation: Your body sometimes deteriorates upon
                  | taking damage. [potion of mutation]
  2524 | D:4      | Noticed a wight
  2814 | D:4      | Reached skill level 1 in Maces & Flails
  2814 | D:4      | Reached XP level 4. HP: 12/40 MP: 4/4
  2973 | D:4      | Noticed a scorpion
  2977 | D:4      | Killed a scorpion
  2978 | D:4      | Reached XP level 5. HP: 39/47 MP: 5/5
  2995 | D:4      | Reached skill level 5 in Axes
  3185 | D:4      | Reached XP level 6. HP: 22/53 MP: 6/6
  3201 | D:4      | Reached skill level 5 in Fighting
  3367 | D:4      | Slain by a wight

Illustrated notes

Levels and vault maps discovered:
D:1:      mainiacjoe_arrival_reflecting_pool, layout_loops_corners,
          hellmonk_ecumenical_altar_heavens_door, serial_shops, shop, hex_medium
D:2:      wander_river, layout_loops_ring
D:3:      layout_loops_ring, nemelex_diamond_rough_becter
D:4:      layout_basic, tso_oasis_becter, minmay_temple_entry_stoned_glass,
          serial_bayou, serial_bayou_ford_a, serial_bayou_pond_d,
          serial_bayou_shore_a, serial_bayou_pond_e, serial_shops,
          nicolae_shop_back_alley_shop, serial_bayou_lagoon_a

Skill      XL: |  1  2  3  4  5  6 |
---------------+-------------------+-----
Axes           | 4 5 |  5.5
Armour         | 1 2 |  2.6
Fighting       | 4 5 |  5.2
Maces & Flails | 1 2 |  2.5
Dodging        | |  2.9

Action                     |  1- 3 |  4- 6 || total
---------------------------+-------+-------++-------
  Melee: Hand axe          |    28 |       ||    28
         Mace              |    56 |       ||    56
         Whip              |    54 |    80 ||   134
  Throw: Dart              |       |     3 ||     3
         Boomerang         |       |     2 ||     2
    Use: Potion            |     3 |     2 ||     5
         Scroll            |     4 |       ||     4
 Armour: Robe              |     3 |       ||     3
         Leather armour    |    73 |       ||    73
         Ring mail         |       |    34 ||    34
  Dodge: Dodged            |    68 |    34 ||   102

Table legend: (Time is in decaauts)
 A = Elapsed time spent in this place.
 B = Non-inter-level travel time spent in this place.
 C = Inter-level travel time spent in this place.
 D = Time resting spent in this place.
 E = Time spent auto-exploring this place.
 F = Levels seen in this place.
 G = Mean time per level.
                   A        B        C        D        E       F      G
               +--------+--------+--------+--------+--------+-----+--------+
         Total |   3412 |   3275 |    137 |    110 |   2504 |   4 |  853.0 |
       Dungeon |   3412 |   3275 |    137 |    110 |   2504 |   4 |  853.0 |
               +--------+--------+--------+--------+--------+-----+--------+

Top non-repeatable levels by time:
     D:3: 1023 daAuts
     D:1: 946 daAuts
     D:2: 826 daAuts
     D:4: 616 daAuts
